[Event "Titled Tuesday Blitz May 30 Early 2023"]
[White "Sovetbekova, Nurai"]
[Black "Petrosyan, Manuel"]
[WhiteFideId "13801910"]
[BlackFideId "13300857"]
[WhiteElo "1857"]
[BlackElo "2576"]
[Result "0-1"]
[Round "09"]
[TimeControl "180+2"]
[Date "2023.05.30"]
[WhiteClock "0:00:00"]
[BlackClock "0:00:08"]

1. d4 Nf6 2. c4 e6 3. Nc3 Bb4 4. Qc2 d6 5. Bg5 O-O 6. e3 h6 7. Bh4 e5 8. dxe5 dxe5 9. Bd3 Be6 10. a3 Be7 11. Nf3 Nbd7 12. O-O c6 13. Rfd1 Qc7 14. b3 Rad8 15. h3 Rfe8 16. Bg3 a5 17. Qb2 Bd6 18. b4 axb4 19. axb4 b6 20. Ne2 Qb8 21. Rab1 Bc7 22. Qc2 e4 23. Bxe4 Nxe4 24. Bxc7 Qxc7 25. Qxe4 Bxh3 26. Qh4 Bf5 27. Ra1 Nf6 28. Ned4 Bg6 29. Qh3 c5 30. Rac1 cxd4 0-1


[Site "https://www.chess.com"]

[Event "Titled Tuesday Blitz May 30 Early 2023"]
[White "Terletsky, Oleg"]
[Black "Molina, Roberto Junio Brito"]
[WhiteFideId "14116774"]
[BlackFideId "2109450"]
[WhiteElo "2084"]
[BlackElo "2376"]
[Result "0-1"]
[Round "09"]
[TimeControl "180+2"]
[Date "2023.05.30"]
[WhiteClock "0:00:17"]
[BlackClock "0:02:25"]

1. e4 c6 2. d4 d5 3. Nc3 dxe4 4. Nxe4 Nd7 5. Ng5 Ngf6 6. Bd3 e6 7. N1f3 Bd6 8. Qe2 h6 9. Ne4 Nxe4 10. Qxe4 Qc7 11. Qg4 g5 12. Qh3 Rg8 13. Qxh6 Bf8 14. Qh3 g4 15. Qh7 Nf6 16. Qh4 gxf3 17. Qxf6 fxg2 18. Rg1 Qxh2 19. Bg5 Rxg5 20. Qxg5 Qxg1+ 21. Ke2 0-1


[Site "https://www.chess.com"]

[Event "Titled Tuesday Blitz May 30 Early 2023"]
[White "Yuan, Qingyu"]
[Black "Baghdasaryan, Vahe"]
[WhiteFideId "8609772"]
[BlackFideId "13303139"]
[WhiteElo "2359"]
[BlackElo "2216"]
[Result "1-0"]
[Round "09"]
[TimeControl "180+2"]
[Date "2023.05.30"]
[WhiteClock "0:00:13"]
[BlackClock "0:00:25"]

1. e4 c5 2. Nf3 e6 3. c3 Nf6 4. e5 Nd5 5. g3 b6 6. Bg2 Bb7 7. O-O Nc6 8. c4 Nc7 9. Nc3 d5 10. exd6 Bxd6 11. d4 Nxd4 12. Nxd4 Bxg2 13. Nxe6 Nxe6 14. Kxg2 O-O 15. Re1 Nd4 16. Nd5 Qd7 17. Be3 Rfe8 18. Bxd4 Rxe1 19. Qxe1 cxd4 20. Qe4 Rd8 21. Qxd4 Bc5 22. Qd2 b5 23. b3 bxc4 24. bxc4 Qc6 25. Qd3 h6 26. Re1 Rb8 27. Qf3 Kf8 28. Re2 Qa4 29. Qf4 Rc8 30. Qf5 Re8 31. Qh7 f6 32. Rxe8+ Qxe8 33. Qf5 Bd4 34. Nf4 Qc6+ 35. Qd5 Qxd5+ 36. cxd5 Ke7 37. Ne6 Bb2 38. Nxg7 Kd6 39. Nf5+ Kxd5 40. Nxh6 Kc5 41. Nf5 Kb4 42. h4 Ka3 43. h5 Bc1 44. f4 1-0


[Site "https://www.chess.com"]

[Event "Titled Tuesday Blitz May 30 Early 2023"]
[White "Vakhlamov, Igor L."]
[Black "ATM622"]
[WhiteFideId "24126748"]
[WhiteElo "2407"]
[BlackElo "2557"]
[Result "0-1"]
[Round "09"]
[TimeControl "180+2"]
[Date "2023.05.30"]
[WhiteClock "0:00:17"]
[BlackClock "0:01:07"]

1. e4 c6 2. d4 d5 3. exd5 cxd5 4. c4 e6 5. Nc3 Nf6 6. c5 b6 7. b4 a5 8. Na4 axb4 9. Nxb6 Ra5 10. Bd2 Nc6 11. Nf3 Nxd4 12. Nxd4 Bxc5 13. Nxc8 Bxd4 14. Bxb4 Bc5 15. Bxc5 Rxc5 16. Qa4+ Kf8 17. Na7 Qb6 18. Bd3 Ra5 19. Qc6 Qxa7 20. Qc8+ Ne8 21. O-O Qc5 22. Qb7 g6 23. Qb2 Rg8 24. Rac1 Qa3 25. Qd2 Qxa2 26. Qh6+ Rg7 27. Rc8 Ra8 28. Rfc1 Rxc8 29. Rxc8 Qa4 30. h4 f6 31. Rb8 Qa1+ 32. Bf1 Qa4 33. Bb5 Qa1+ 34. Kh2 Qe5+ 35. f4 Qxb8 36. Bxe8 Qxe8 0-1


[Site "https://www.chess.com"]

[Event "Titled Tuesday Blitz May 30 Early 2023"]
[White "Halkias, Stelios"]
[Black "surrenderPLS"]
[WhiteFideId "4201809"]
[WhiteElo "2451"]
[BlackElo "2522"]
[Result "1-0"]
[Round "09"]
[TimeControl "180+2"]
[Date "2023.05.30"]
[WhiteClock "0:00:17"]
[BlackClock "0:00:05"]

1. d4 Nf6 2. Nf3 e6 3. e3 c5 4. Bd3 Nc6 5. b3 cxd4 6. exd4 d5 7. O-O Bd6 8. Bb2 O-O 9. a3 Ne4 10. c4 f5 11. Nc3 Ne7 12. Ne5 Bxe5 13. dxe5 Nxc3 14. Bxc3 Bd7 15. Bb4 Bc6 16. f3 Rc8 17. Kh1 Re8 18. Bd6 dxc4 19. Bxc4 Nd5 20. Qd2 Qd7 21. Rad1 Qf7 22. a4 f4 23. Bxd5 Bxd5 24. Qb4 Rc2 25. Rd2 Rxd2 26. Qxd2 Bxb3 27. a5 a6 28. Rc1 Bd5 29. Rc7 Qf5 30. h3 h6 31. Kh2 Qg5 32. Qf2 Kh7 33. h4 Qf5 34. Qd4 Kh8 35. Be7 Qf7 36. Bd6 Qf5 37. Bb4 Rg8 38. Be7 Re8 39. Qb4 Rg8 40. Bd6 Re8 41. Qc3 Rg8 42. Be7 Qg6 43. Qe1 Re8 44. Qf2 Qf5 45. Bd6 Qg6 46. Rc2 Qf5 47. Rd2 Rg8 48. Rd4 Bc6 49. Qd2 g5 50. Be7 gxh4 51. Rxf4 Qg6 52. Rxh4 Re8 53. Rxh6+ Kg7 54. Rxg6+ Kxg6 55. Qg5+ Kf7 56. Qf6+ Kg8 57. Qg6+ Kh8 58. Bf6# 1-0


[Site "https://www.chess.com"]

[Event "Titled Tuesday Blitz May 30 Early 2023"]
[White "Senft, Sean"]
[Black "Domingo Nunez, Ruben"]
[WhiteFideId "2044960"]
[BlackFideId "22245570"]
[WhiteElo "1989"]
[BlackElo "2404"]
[Result "0-1"]
[Round "09"]
[TimeControl "180+2"]
[Date "2023.05.30"]
[WhiteClock "0:00:24"]
[BlackClock "0:01:26"]

1. d4 f5 2. c4 d6 3. g3 Nf6 4. Bg2 g6 5. Nc3 Bg7 6. e4 fxe4 7. Nxe4 O-O 8. Ne2 Nc6 9. O-O e5 10. Bg5 Bf5 11. Nxf6+ Bxf6 12. Bxf6 Qxf6 13. dxe5 Qxe5 14. Qd5+ Kg7 15. Nc3 Be6 16. Qxe5+ Nxe5 17. Bxb7 Rab8 18. Bd5 Bh3 19. Rfb1 c6 20. Bg2 Bf5 21. Rd1 Rxb2 22. Rxd6 Bh3 23. Bxh3 Rfxf2 24. Rd7+ Kh6 25. Rd3 Nxd3 0-1


[Site "https://www.chess.com"]

[Event "Titled Tuesday Blitz May 30 Early 2023"]
[White "Itgelt, Khuyagtsogt"]
[Black "Tanmay Jain"]
[WhiteFideId "4902912"]
[BlackFideId "45015481"]
[WhiteElo "2227"]
[BlackElo "2032"]
[Result "1-0"]
[Round "09"]
[TimeControl "180+2"]
[Date "2023.05.30"]
[WhiteClock "0:00:08"]
[BlackClock "0:00:00"]

1. d4 Nf6 2. Bf4 e6 3. e3 d5 4. c4 Be7 5. Nc3 O-O 6. Nf3 b6 7. cxd5 exd5 8. Be2 c5 9. O-O Bb7 10. h3 Nc6 11. Rc1 Bd6 12. Bg5 Be7 13. Qc2 Nb4 14. Qb1 Ne4 15. Bxe7 Qxe7 16. dxc5 bxc5 17. a3 Nxc3 18. Rxc3 Nc6 19. Rfc1 d4 20. Rxc5 dxe3 21. Rxc6 exf2+ 22. Kxf2 Bxc6 23. Rxc6 Rfe8 24. Qc2 Rad8 25. Rc3 Qd6 26. b4 Qb6+ 27. Rc5 Qe6 28. Re5 Qb6+ 29. Qc5 Qb7 30. Rxe8+ Rxe8 31. b5 Qe4 32. Bc4 h6 33. Kg3 Qg6+ 34. Kh2 Qb6 35. Qxb6 axb6 36. a4 Re3 37. Nd2 Kf8 38. Kg1 Ke7 39. Kf2 Ra3 40. Bb3 Ra1 41. Ke3 Kd6 42. Kd4 Rg1 43. Nc4+ Kc7 44. Ne3 f6 45. Ke4 Rc1 46. Bc2 Kd6 47. Kd4 Rh1 48. Kc3 Kc5 49. Nf5 Rg1 50. Be4 g6 51. Nd4 f5 52. Nb3+ Kd6 53. Bf3 Rf1 54. Kb4 Rf2 55. a5 Kc7 56. a6 Kb8 57. Nd4 Rf1 58. Kc4 Rc1+ 59. Kd5 Rc5+ 60. Kd6 g5 61. Bc6 f4 62. Ne6 Rc2 63. Bf3 Rd2+ 64. Kc6 Rc2+ 65. Kxb6 h5 66. a7+ 1-0


[Site "https://www.chess.com"]

[Event "Titled Tuesday Blitz May 30 Early 2023"]
[White "Sahib Singh"]
[Black "Balla, Tamas-Kristof"]
[WhiteFideId "25618342"]
[BlackFideId "1208497"]
[WhiteElo "1934"]
[BlackElo "2334"]
[Result "0-1"]
[Round "09"]
[TimeControl "180+2"]
[Date "2023.05.30"]
[WhiteClock "0:00:03"]
[BlackClock "0:00:21"]

1. e4 c5 2. Nf3 Nc6 3. d4 cxd4 4. Nxd4 e5 5. Nb5 d6 6. N1c3 a6 7. Na3 b5 8. Nd5 Nge7 9. c4 Nxd5 10. exd5 Nd4 11. Bd3 Be7 12. O-O O-O 13. Nc2 Nxc2 14. Qxc2 bxc4 15. Bxc4 f5 16. a4 f4 17. Bd3 h6 18. b4 f3 19. Be4 fxg2 20. Bxg2 Bf5 21. Qe2 Rc8 22. Be3 Bg5 23. Rac1 Qf6 24. a5 Qg6 25. Kh1 Bd3 26. Qg4 Bxf1 27. Rxf1 Rc3 28. Bxg5 Qxg5 29. Qe6+ Kh8 30. Qxd6 Rf4 31. Qxa6 Rh4 32. d6 Qf4 33. Qa8+ Kh7 34. Qe4+ Qxe4 35. Bxe4+ Rxe4 36. Rd1 Rc8 37. b5 Rb4 38. b6 Rb5 39. d7 Rd8 40. b7 Rxb7 41. Rd5 Rbxd7 42. Rxe5 Rd5 43. Re7 Rxa5 44. Kg2 Rg5+ 45. Kf3 Rd3+ 46. Ke2 Ra3 47. Re4 Ra2+ 48. Ke3 Rf5 49. f3 Ra3+ 50. Ke2 Raxf3 51. h4 Rf2+ 52. Ke3 R2f3+ 53. Ke2 Ra3 54. Rc4 Rb5 55. Rc2 Rbb3 56. Kf2 Rh3 57. Kg2 Rag3+ 58. Kf2 Rh2+ 59. Kxg3 Rxc2 60. h5 Rc5 61. Kg4 Rg5+ 62. Kh4 Kg8 63. Kh3 Rxh5+ 64. Kg4 Rg5+ 65. Kh4 Kf7 66. Kh3 Kg6 67. Kh4 Kf5 68. Kh3 Kf4 69. Kh4 Kf3 70. Kh3 Rh5# 0-1


[Site "https://www.chess.com"]

[Event "Titled Tuesday Blitz May 30 Early 2023"]
[White "Fernandez Garcia, Gumersindo"]
[Black "Jeet, Jain"]
[WhiteFideId "24516740"]
[BlackFideId "5073022"]
[WhiteElo "2093"]
[BlackElo "2067"]
[Result "1-0"]
[Round "09"]
[TimeControl "180+2"]
[Date "2023.05.30"]
[WhiteClock "0:00:01"]
[BlackClock "0:00:00"]

1. d4 c6 2. c4 d5 3. Nc3 Nf6 4. Nf3 e6 5. g3 dxc4 6. Bg2 b5 7. a4 b4 8. Nb1 Ba6 9. O-O Nbd7 10. Bf4 Nd5 11. Ne5 Nxf4 12. gxf4 Nxe5 13. fxe5 Rc8 14. e3 c5 15. d5 exd5 16. Bxd5 Qg5+ 17. Kh1 Qxe5 18. Qf3 Rc7 19. Rg1 Bd6 20. Qg2 g6 21. Nd2 Qxb2 22. Nxc4 Bxc4 23. Bxc4 O-O 24. Rad1 Be5 25. Qe4 Bg7 26. f4 Qf6 27. f5 Re7 28. Qf3 Rfe8 29. Rd3 a5 30. Rf1 g5 31. Bd5 h6 32. Rc1 Qb2 33. Rxc5 Be5 34. Qh5 Qa1+ 35. Rd1 Qxa4 36. e4 Bf4 37. Rc6 g4 38. Qxg4+ Kh7 39. Qxf4 Qxd1+ 40. Kg2 Rg8+ 41. Kf2 1-0


[Site "https://www.chess.com"]

[Event "Titled Tuesday Blitz May 30 Early 2023"]
[White "Begunov, Konstantin"]
[Black "Dehtiarov, Roman"]
[WhiteFideId "4118510"]
[BlackFideId "14186640"]
[WhiteElo "2050"]
[BlackElo "2189"]
[Result "1-0"]
[Round "09"]
[TimeControl "180+2"]
[Date "2023.05.30"]
[WhiteClock "0:00:03"]
[BlackClock "0:00:00"]

1. d4 Nf6 2. c4 e6 3. Nf3 b6 4. g3 Ba6 5. Qa4 c5 6. Bg2 Bb7 7. dxc5 Bxc5 8. Nc3 O-O 9. O-O Qe7 10. Rd1 a5 11. Bf4 d6 12. Qc2 h6 13. Na4 e5 14. Nxc5 bxc5 15. Bd2 Nc6 16. e3 Nb4 17. Bxb4 axb4 18. a4 bxa3 19. Rxa3 Rxa3 20. bxa3 Ra8 21. Ra1 Bc6 22. a4 Qb7 23. Nh4 Bxg2 24. Nxg2 Qb4 25. Nh4 Qb6 26. Nf5 Rb8 27. a5 Qa6 28. Qd3 Rd8 29. Qb3 g6 30. Nh4 Kg7 31. Qb5 Ra8 32. Nf3 Ne4 33. Kg2 d5 34. Qb1 Qxc4 35. Qb2 f6 36. Qb7+ Kh8 37. Qxa8+ Kg7 38. Qb7+ Kh8 39. Rb1 h5 40. Qf7 1-0


[Site "https://www.chess.com"]

[Event "Titled Tuesday Blitz May 30 Early 2023"]
[White "Souleidis, Georgios"]
[Black "Zaitsev, Alexander"]
[WhiteFideId "4206827"]
[BlackFideId "4164490"]
[WhiteElo "2401"]
[BlackElo "2373"]
[Result "1-0"]
[Round "09"]
[TimeControl "180+2"]
[Date "2023.05.30"]
[WhiteClock "0:01:39"]
[BlackClock "0:00:20"]

1. e4 c5 2. Be2 g6 3. d3 Bg7 4. f4 Nc6 5. Nf3 d6 6. O-O e6 7. c3 Nge7 8. Be3 O-O 9. d4 cxd4 10. cxd4 b6 11. Nc3 Bb7 12. Qd2 Rc8 13. Rac1 Qd7 14. Bb5 a6 15. Bd3 Na5 16. b3 d5 17. e5 b5 18. Nxb5 axb5 19. Qxa5 Bc6 20. Rc2 Ra8 21. Qb4 Rfc8 22. Rfc1 Bf8 23. Qd2 b4 24. Qe2 Rcb8 25. g4 Bb5 26. Bxb5 Rxb5 27. Rc7 Qd8 28. Qxb5 1-0


[Site "https://www.chess.com"]

[Event "Titled Tuesday Blitz May 30 Early 2023"]
[White "Korchmar, Vasiliy"]
[Black "Topalov, Aleksandar"]
[WhiteFideId "24131750"]
[BlackFideId "925659"]
[WhiteElo "2370"]
[BlackElo "2151"]
[Result "1-0"]
[Round "09"]
[TimeControl "180+2"]
[Date "2023.05.30"]
[WhiteClock "0:00:03"]
[BlackClock "0:00:00"]

1. e4 e6 2. d4 d5 3. e5 Ne7 4. Nf3 Qd7 5. Bd3 b6 6. Qe2 a5 7. O-O Ba6 8. Bxa6 Nxa6 9. h4 h5 10. Bg5 Nf5 11. c4 dxc4 12. Qxc4 Nb4 13. Nc3 c6 14. Rac1 Be7 15. a3 Nd5 16. Nxd5 cxd5 17. Qc6 Rb8 18. a4 Qxc6 19. Rxc6 Kd7 20. Rfc1 Rb7 21. Bxe7 Nxe7 22. Rd6+ Ke8 23. Ng5 Rf8 24. f3 Nf5 25. Rdc6 Kd7 26. g4 Nxd4 27. Rd6+ Ke7 28. Kf2 Nb3 29. Rcc6 Nc5 30. Rxb6 Rxb6 31. Rxb6 f6 32. exf6+ gxf6 33. Nh3 hxg4 34. fxg4 Nxa4 35. Rb7+ Kd6 36. Nf4 e5 37. Ng6 Rc8 38. h5 Rc2+ 39. Kg3 1-0


[Site "https://www.chess.com"]

[Event "Titled Tuesday Blitz May 30 Early 2023"]
[White "Wang, Ricky"]
[Black "Miranda, Rafael"]
[WhiteFideId "2071916"]
[BlackFideId "130990"]
[WhiteElo "2319"]
[BlackElo "2204"]
[Result "0-1"]
[Round "09"]
[TimeControl "180+2"]
[Date "2023.05.30"]
[WhiteClock "0:01:26"]
[BlackClock "0:01:53"]

1. e4 e5 2. Nf3 Nc6 3. d4 exd4 4. Nxd4 Bb4+ 5. c3 Bc5 6. Be3 Bb6 7. Nxc6 bxc6 8. Bxb6 axb6 9. Be2 d6 10. O-O Nf6 11. Re1 O-O 12. c4 Nd7 13. Nc3 Qf6 14. Bg4 Ne5 15. Bxc8 Raxc8 16. b3 Nxc4 17. Rc1 Ne5 18. f4 Qxf4 19. Ne2 Qe3+ 20. Kh1 Nd3 21. Qc2 Nf2+ 22. Kg1 Nxe4+ 23. Kh1 Nf2+ 24. Kg1 Nd3+ 25. Kh1 Rfe8 26. Qc3 0-1


[Site "https://www.chess.com"]

[Event "Titled Tuesday Blitz May 30 Early 2023"]
[White "Goswami, Vedant"]
[Black "Schnaider, Ilan"]
[WhiteFideId "5003725"]
[BlackFideId "169013"]
[WhiteElo "2011"]
[BlackElo "2224"]
[Result "0-1"]
[Round "09"]
[TimeControl "180+2"]
[Date "2023.05.30"]
[WhiteClock "0:00:45"]
[BlackClock "0:00:38"]

1. d4 Nf6 2. Nc3 d5 3. Bg5 Nbd7 4. Nf3 e6 5. e4 dxe4 6. Nxe4 Be7 7. Ng3 h6 8. Be3 Nd5 9. Qd2 Nxe3 10. fxe3 c5 11. Bd3 O-O 12. O-O b6 13. c3 Bb7 14. Rae1 a5 15. Qf2 Bxf3 16. Qxf3 Ne5 17. Qe4 Nxd3 18. Qxd3 Bh4 19. Ne4 Bxe1 20. Rxe1 cxd4 21. exd4 Qd5 22. Qg3 Kh8 23. h3 Qxa2 24. Re2 a4 25. Nd6 a3 26. Qf2 Qb1+ 27. Kh2 a2 28. Nxf7+ Rxf7 29. Qxf7 a1=Q 0-1


[Site "https://www.chess.com"]

[Event "Titled Tuesday Blitz May 30 Early 2023"]
[White "Dilmukhametov, Artur"]
[Black "Melian, Juan Sebastian"]
[WhiteFideId "24179922"]
[BlackFideId "3706575"]
[WhiteElo "2242"]
[BlackElo "2092"]
[Result "1-0"]
[Round "09"]
[TimeControl "180+2"]
[Date "2023.05.30"]
[WhiteClock "0:00:37"]
[BlackClock "0:00:00"]

1. e4 c5 2. f4 Nc6 3. Nf3 g6 4. Bb5 Bg7 5. O-O Nd4 6. Be2 d6 7. d3 e6 8. c3 Nxe2+ 9. Qxe2 Ne7 10. Nbd2 O-O 11. Qf2 b6 12. Qh4 Nc6 13. Qh3 Qe7 14. e5 dxe5 15. fxe5 Nxe5 16. Nxe5 Bxe5 17. Ne4 f5 18. Bg5 Qd7 19. Qh4 fxe4 20. Rxf8+ Kxf8 21. Rf1+ Kg8 22. Qxe4 Bb7 23. Qxe5 Qd5 24. Qxd5 Bxd5 25. c4 Bc6 26. Re1 Bd7 27. Kf2 Rf8+ 28. Ke3 Rf5 29. Bf4 g5 30. Bb8 Bc6 31. Bxa7 Bxg2 32. Bxb6 Rf3+ 33. Ke2 Rh3 34. Kf2 Bc6 35. Rxe6 Bd7 36. Rd6 Bg4 37. Bxc5 h5 38. Kg2 Rf3 39. Rg6+ Kh7 40. Rxg5 Rf7 41. h3 Bf3+ 42. Kg3 Be2 43. b3 Bxd3 44. Rxh5+ Kg6 45. Rd5 Be4 46. Rd6+ Kf5 47. Bd4 Rf8 48. Rf6+ Kg5 49. Rxf8 1-0


[Site "https://www.chess.com"]

[Event "Titled Tuesday Blitz May 30 Early 2023"]
[White "Liu, Xiangyi"]
[Black "Nugumanov, Bakhtiyar"]
[WhiteFideId "8605718"]
[BlackFideId "13701797"]
[WhiteElo "2323"]
[BlackElo "2209"]
[Result "1-0"]
[Round "09"]
[TimeControl "180+2"]
[Date "2023.05.30"]
[WhiteClock "0:01:06"]
[BlackClock "0:00:00"]

1. e4 e6 2. Nf3 d5 3. e5 Bd7 4. g3 c5 5. Bg2 Nc6 6. O-O Nge7 7. Re1 Qc7 8. d3 h6 9. c4 O-O-O 10. Nc3 g5 11. Nb5 Qb6 12. h4 g4 13. Nh2 Ng6 14. Nxg4 h5 15. Nf6 dxc4 16. dxc4 Ncxe5 17. Nxd7 Rxd7 18. Qa4 a6 19. Be3 Nxc4 20. Qxc4 Qxb5 21. Qc3 1-0


[Site "https://www.chess.com"]

[Event "Titled Tuesday Blitz May 30 Early 2023"]
[White "Goffredo_Fofi"]
[Black "Aradhya, Garg"]
[BlackFideId "25006746"]
[WhiteElo "2496"]
[BlackElo "2263"]
[Result "0-1"]
[Round "09"]
[TimeControl "180+2"]
[Date "2023.05.30"]
[WhiteClock "0:00:00"]
[BlackClock "0:00:38"]

1. d4 d5 2. Nf3 Nf6 3. Bf4 Bf5 4. c4 e6 5. Nc3 dxc4 6. e3 Bb4 7. Bxc4 O-O 8. O-O c5 9. dxc5 Bxc5 10. Nb5 Nc6 11. Bd6 Bxd6 12. Nxd6 Qe7 13. Nxf5 exf5 14. Rc1 Rfd8 15. Qa4 g6 16. h3 Kg7 17. Bb5 Ne5 18. Nd4 Ne4 19. Be2 a6 20. Qa5 Rdc8 21. Rfd1 Nc5 22. Qa3 Qf8 23. Nf3 Nxf3+ 24. Bxf3 Ne4 25. Qxf8+ Kxf8 26. Bxe4 fxe4 27. Kf1 Ke7 28. Ke2 Ke6 29. Rxc8 Rxc8 30. Rd4 Rc2+ 31. Rd2 Rc1 32. Rd4 f5 33. Rb4 Rc2+ 34. Ke1 b5 35. a3 Kd5 36. a4 Kc5 37. Rb3 b4 0-1


[Site "https://www.chess.com"]

[Event "Titled Tuesday Blitz May 30 Early 2023"]
[White "Vlassov, Nikolai"]
[Black "Liu, Casper"]
[WhiteFideId "4103360"]
[BlackFideId "1454153"]
[WhiteElo "2324"]
[BlackElo "2221"]
[Result "1/2-1/2"]
[Round "09"]
[TimeControl "180+2"]
[Date "2023.05.30"]
[WhiteClock "0:00:07"]
[BlackClock "0:00:20"]

1. e4 c5 2. c3 e5 3. Nf3 Nc6 4. Bc4 d6 5. O-O Be7 6. d4 Nf6 7. d5 Nb8 8. Bd3 O-O 9. a4 Nbd7 10. Nfd2 h6 11. Nc4 Ne8 12. b4 f5 13. exf5 Ndf6 14. bxc5 dxc5 15. Nxe5 Nxd5 16. Ng6 Rf7 17. Bc4 Nec7 18. Nxe7+ Rxe7 19. f6 gxf6 20. Bxh6 Be6 21. Re1 Nb6 22. Bxe6+ Nxe6 23. Na3 Qxd1 24. Raxd1 Nxa4 25. Rd6 Rae8 26. Nb5 a6 27. Na3 Nxc3 28. g3 Nd4 29. Rxe7 Rxe7 30. Rxf6 b5 31. Rxa6 b4 32. Nc4 b3 33. Kg2 Re2 34. Rb6 Na4 35. Rb8+ Kh7 36. Be3 b2 37. Kf1 Rc2 38. Nxb2 Rxb2 39. Ra8 Nc3 40. Rc8 Ne4 41. Re8 Nd6 42. Re7+ Kg8 43. Re5 Rc2 44. Bxd4 cxd4 45. Rd5 Ne4 46. Rxd4 Nxf2 47. h4 Kh7 48. g4 Nh3 49. g5 Rf2+ 50. Ke1 Rh2 51. h5 Nxg5 52. Rd7+ Kh6 53. Kf1 Kxh5 54. Rd8 Ra2 55. Rd4 Nf3 56. Rf4 Nh2+ 57. Kg1 Ng4 58. Rf3 Kh4 59. Rf8 Ne3 60. Rh8+ Kg3 61. Rg8+ Ng4 62. Rf8 Rg2+ 63. Kf1 Ra2 64. Ke1 Ne3 65. Rf7 Ng2+ 66. Kd1 Nf4 67. Kc1 Kf3 68. Kb1 Rg2 69. Rf8 Ke3 70. Re8+ Kd3 71. Rd8+ Kc3 72. Rc8+ Kd4 73. Rb8 Nd5 74. Rc8 Nc3+ 75. Kc1 Kd3 76. Rd8+ Kc4 77. Rc8+ Kd4 78. Rd8+ Nd5 79. Kb1 Kc4 80. Rc8+ Kb3 81. Rb8+ Nb4 82. Kc1 Kc3 83. Kd1 Nd3 84. Rc8+ Kd4 85. Rd8+ Ke4 86. Re8+ Kf3 87. Re3+ Kxe3 1/2-1/2


[Site "https://www.chess.com"]

[Event "Titled Tuesday Blitz May 30 Early 2023"]
[White "Bolourchifard, Farzad"]
[Black "Janaszak, Dawid"]
[WhiteFideId "12510084"]
[BlackFideId "1119206"]
[WhiteElo "2317"]
[BlackElo "2220"]
[Result "0-1"]
[Round "09"]
[TimeControl "180+2"]
[Date "2023.05.30"]
[WhiteClock "0:00:05"]
[BlackClock "0:00:48"]

1. d4 d5 2. Nf3 c5 3. e3 Nc6 4. c3 cxd4 5. exd4 Nf6 6. h3 Bf5 7. Nh4 Be4 8. Nd2 e6 9. Nxe4 Nxe4 10. Nf3 Bd6 11. Bd3 O-O 12. O-O f5 13. a4 Qf6 14. c4 dxc4 15. Bxc4 Rad8 16. a5 Bc7 17. a6 b6 18. Be3 f4 19. Bc1 Nxd4 20. Nxd4 Rxd4 21. Bxe6+ Kh8 22. Qb3 Nc5 23. Qc3 Nxe6 24. Re1 Rd6 25. Qc4 Nc5 26. Rb1 Nd3 27. Rf1 Bb8 28. b3 Nxc1 29. Rbxc1 h6 30. Rc3 Rd4 31. Qb5 Bd6 32. Rf3 Bc5 33. Re1 Rd2 34. b4 Rb2 35. Qc6 Qxc6 0-1


[Site "https://www.chess.com"]

[Event "Titled Tuesday Blitz May 30 Early 2023"]
[White "Sowul, Bartosz"]
[Black "Nasir, Zehn"]
[WhiteFideId "1137590"]
[BlackFideId "2613239"]
[WhiteElo "2188"]
[BlackElo "1993"]
[Result "1-0"]
[Round "09"]
[TimeControl "180+2"]
[Date "2023.05.30"]
[WhiteClock "0:00:09"]
[BlackClock "0:00:00"]

1. e4 c6 2. d4 d5 3. e5 Bf5 4. h4 h5 5. Bd3 Bxd3 6. Qxd3 e6 7. Nf3 c5 8. dxc5 Nc6 9. c4 dxc4 10. Qxc4 Qa5+ 11. Nbd2 Qxc5 12. O-O Nh6 13. Qe2 Ng4 14. Ne4 Nd4 15. Nxd4 Qxd4 16. Bf4 a6 17. Rad1 Qb6 18. Qc4 Be7 19. Nd6+ Bxd6 20. exd6 O-O 21. Bg5 Rac8 22. Qe4 f6 23. Qxe6+ Kh8 24. Bf4 Rc2 25. Qf5 Nxf2 26. Qxc2 Nxd1+ 27. Kh2 Ne3 28. Bxe3 Qxe3 29. Qf5 Rd8 30. Qxh5+ Kg8 31. Qd5+ Kf8 32. Rf5 Qe1 33. Rh5 g6 34. Rh7 Qe5+ 35. Qxe5 fxe5 36. Rh8+ 1-0


[Site "https://www.chess.com"]

[Event "Titled Tuesday Blitz May 30 Early 2023"]
[White "Santos Flores, Alberto"]
[Black "Fiorito, Francisco"]
[WhiteFideId "3601234"]
[BlackFideId "180165"]
[WhiteElo "2235"]
[BlackElo "2341"]
[Result "0-1"]
[Round "09"]
[TimeControl "180+2"]
[Date "2023.05.30"]
[WhiteClock "0:00:13"]
[BlackClock "0:00:21"]

1. e4 c5 2. Nf3 Nc6 3. Nc3 g6 4. d4 cxd4 5. Nxd4 Bg7 6. Be3 Nf6 7. Bc4 O-O 8. Bb3 Re8 9. f3 e6 10. f4 d6 11. Ndb5 Bf8 12. Qf3 a6 13. Nd4 Qa5 14. O-O Bg7 15. Rad1 Qc7 16. Kh1 b5 17. e5 Nxd4 18. Bxd4 Bb7 19. Qf2 dxe5 20. fxe5 Ng4 21. Qg3 h5 22. h3 Nh6 23. Rde1 Rad8 24. Qf2 Qd7 25. Bb6 Rc8 26. Ne4 Bxe4 27. Rxe4 Qb7 28. Rd1 Qxe4 0-1


[Site "https://www.chess.com"]

[Event "Titled Tuesday Blitz May 30 Early 2023"]
[White "Pinheiro, Iung Alicio de O."]
[Black "Heinemann, Josefine"]
[WhiteFideId "2104350"]
[BlackFideId "12900460"]
[WhiteElo "2283"]
[BlackElo "2342"]
[Result "1-0"]
[Round "09"]
[TimeControl "180+2"]
[Date "2023.05.30"]
[WhiteClock "0:00:36"]
[BlackClock "0:01:15"]

1. e4 e5 2. Nf3 Nc6 3. Bc4 Nf6 4. Ng5 d5 5. exd5 b5 6. Bf1 Nxd5 7. Qh5 Qd7 8. Bxb5 Bb7 9. O-O g6 10. Qf3 Bg7 11. Nc3 Ndb4 12. d4 exd4 13. Re1+ Kf8 14. Ne6+ Kg8 15. Nxg7 Kxg7 16. Bg5 Rhe8 17. Qf6+ Kg8 18. Bh6 1-0


[Site "https://www.chess.com"]

[Event "Titled Tuesday Blitz May 30 Early 2023"]
[White "koncheto"]
[Black "Fan_Of_Chucky"]
[WhiteElo "2588"]
[BlackElo "2466"]
[Result "1-0"]
[Round "09"]
[TimeControl "180+2"]
[Date "2023.05.30"]
[WhiteClock "0:00:08"]
[BlackClock "0:00:00"]

1. e4 c5 2. Nf3 a6 3. c4 Nc6 4. d4 cxd4 5. Nxd4 e5 6. Nc2 Nf6 7. Nc3 Bc5 8. Be3 Bxe3 9. Nxe3 O-O 10. Be2 Nd4 11. O-O d6 12. b3 Bd7 13. Qd2 b5 14. Rfd1 bxc4 15. Bxc4 Bc6 16. f3 Bb5 17. Ne2 Nxe2+ 18. Qxe2 Qb6 19. Kh1 Rfd8 20. Nd5 Nxd5 21. Rxd5 Bxc4 22. Qxc4 Rac8 23. Qd3 Rc6 24. Rd1 Qc7 25. h3 Kf8 26. Rxe5 dxe5 27. Qxd8+ Qxd8 28. Rxd8+ Ke7 29. Rd5 Ke6 30. Ra5 g6 31. b4 f5 32. Kg1 Kf6 33. a4 Rb6 34. b5 axb5 35. axb5 Kg5 36. g3 h5 37. Kf2 h4 38. exf5 gxf5 39. Kg2 Rd6 40. gxh4+ Kxh4 41. Ra4+ f4 42. Rb4 Rd2+ 43. Kf1 Kg3 44. b6 Rd8 45. b7 Rb8 46. Ke2 Kxh3 47. Kd3 Kg3 48. Ke4 Kg2 49. Rb3 Kg3 50. Kxe5 Re8+ 51. Kd6 Rb8 52. Kc7 Rf8 53. b8=Q Rxb8 54. Kxb8 1-0


[Site "https://www.chess.com"]

[Event "Titled Tuesday Blitz May 30 Early 2023"]
[White "Dudzinski, Pawel"]
[Black "Gontcharov, Vladislav"]
[WhiteFideId "1117890"]
[BlackFideId "4123492"]
[WhiteElo "2099"]
[BlackElo "2420"]
[Result "0-1"]
[Round "09"]
[TimeControl "180+2"]
[Date "2023.05.30"]
[WhiteClock "0:00:00"]
[BlackClock "0:00:13"]

1. e4 e6 2. c4 d5 3. cxd5 exd5 4. exd5 Nf6 5. Bb5+ Nbd7 6. Nc3 a6 7. Bxd7+ Qxd7 8. Qb3 Qg4 9. Kf1 Bd6 10. Nf3 O-O 11. d4 b5 12. Bg5 Nd7 13. Re1 Nb6 14. h3 Qf5 15. Ne4 f6 16. Nxd6 cxd6 17. Be3 Bb7 18. Rc1 Bxd5 19. Qd1 Nc4 20. b3 Nb2 21. Qc2 Nd3 22. Rd1 Bxf3 23. Qxd3 Be4 24. Qe2 Rac8 25. f3 Rc2 26. Rd2 Rc1+ 27. Rd1 Bd3 28. Rxc1 Bxe2+ 29. Kxe2 Re8 30. Kf2 Qd3 31. Rhe1 f5 32. Rcd1 Qc3 33. Re2 h6 34. d5 g5 35. Bd4 Rxe2+ 36. Kxe2 Qc2+ 37. Rd2 Qb1 38. Kf2 f4 39. Re2 Kf7 40. Bh8 Qd3 41. Re6 Qd2+ 42. Kg1 Kg8 43. Bf6 Qxd5 44. Re7 a5 45. Kh2 a4 46. Rg7+ Kf8 47. bxa4 bxa4 0-1


[Site "https://www.chess.com"]